Map: 瑟拉斯废墟

Players

Quail

  • Race: Protoss Protoss
  • League: Diamond

各种娱乐搞笑大招 - Winner!

  • Race: Zerg Zerg

VOD

Have the link to the VOD?

Description

Time

  • Played on: Dec. 4, 2015, 9:29 a.m.
  • Length: 15:47
Show
View Real Time Build Order
Export as new Build Order

Quail Protoss 

Build Orders: 1 Gate Expand, Oracle Opening, Zealot Archon 

Get SALT Encoding   

  12  0:01  Probe (Chrono Boost)  
  13  0:11  Probe (Chrono Boost)  
  14  0:19  Pylon  
  14  0:25  Probe (Chrono Boost)  
  15  0:37  Probe (Chrono Boost)  
  15  0:40  Gateway  
  16  0:48  Probe (Chrono Boost)  
  17  0:50  Assimilator  
  17  0:58  Probe (Chrono Boost)  
  18  1:09  Probe (Chrono Boost)  
  19  1:26  Nexus  
  19  1:30  Probe (Chrono Boost)  
  20  1:43  Cybernetics Core  
  20  1:45  Probe (Chrono Boost)  
  21  1:51  Pylon  
  21  1:56  Probe (Chrono Boost)  
  21  2:00  Assimilator  
  22  2:07  Probe (Chrono Boost)  
  23  2:17  Probe (Chrono Boost)  
  23  2:19  Adept  
  26  2:27  Warp Gate  
  26  2:28  Probe (Chrono Boost)  
  27  2:33  Pylon  
  27  2:38  Probe (Chrono Boost)  
  27  2:41  Stargate  
  28  2:47  Probe (Chrono Boost)  
  28  2:50  Adept  
  31  2:54  Probe (Chrono Boost)  
  32  2:58  Probe (Chrono Boost)  
  32  3:05  Probe (Chrono Boost)  
  34  3:09  Pylon  
  34  3:17  Probe (Chrono Boost)  
  34  3:18  Probe (Chrono Boost)  
  36  3:24  Oracle (Chrono Boost)  
  39  3:28  Probe (Chrono Boost)  
  39  3:29  Probe (Chrono Boost)  
  41  3:35  Assimilator  
  41  3:38  Probe (Chrono Boost)  
  41  3:40  Probe (Chrono Boost)  
  43  3:43  Stalker  
  43  3:47  Probe  
  42  3:52  Probe  
  44  3:58  Probe, Pylon  
  45  4:04  Probe  
  45  4:05  Twilight Council  
  45  4:08  Probe  
  46  4:15  Sentry  
  46  4:16  Probe  
  50  4:19  Probe  
  51  4:25  Void Ray (Chrono Boost)  
  51  4:28  Probe  
  51  4:29  Probe  
  51  4:31  Assimilator  
  57  4:32  Pylon  
  57  4:42  Probe  
  57  4:44  Probe  
  59  4:45  Dark Shrine  
  59  4:51  Gateway  
  59  4:53  Gateway  
  59  4:55  Probe  
  59  4:57  Probe  
  61  5:06  Probe, Void Ray (Chrono Boost)  
  65  5:09  Probe  
  65  5:10  Resonating Glaives  
  65  5:13  Adept  
  69  5:22  Robotics Facility  
  69  5:23  Probe  
  69  5:25  Probe  
  71  5:38  Nexus  
  71  5:40  Adept  
  73  5:43  Mothership Core, Pylon  
  73  5:47  Sentry  
  77  5:56  Pylon  
  77  6:02  Void Ray (Chrono Boost)  
  81  6:04  Dark Templar  
  83  6:12  Adept  
  85  6:18  Pylon  
  85  6:27  Stargate  
  85  6:30  Pylon  
  85  6:31  Immortal  
  89  6:34  Adept x2  
  89  6:38  Forge  
  93  6:46  Dark Templar  
  95  7:00  Adept x2  
  95  7:01  Probe  
  99  7:02  Probe x2  
  99  7:08  Archon  
  102  7:11  Probe  
  102  7:14  Probe  
  104  7:20  Photon Cannon  
  104  7:22  Photon Cannon  
  104  7:24  Gateway x2  
  104  7:31  Gateway  
  104  7:34  Gateway  
  104  7:35  Adept x3  
  110  7:39  Protoss Ground Weapons Level 1 (Chrono Boost)  
  110  7:49  Warp Prism  
  112  7:56  Probe x2  
  112  7:58  Probe  
  115  7:59  Gateway  
  115  8:01  Assimilator  
  115  8:04  Void Ray (Chrono Boost)  
  115  8:05  Pylon, Assimilator  
  119  8:06  Probe  
  119  8:11  Probe  
  125  8:16  Void Ray (Chrono Boost)  
  125  8:17  Pylon  
  125  8:24  Pylon  
  125  8:25  Pylon  
  125  8:26  Pylon  
  125  8:33  Adept x2  
  125  8:34  Adept x2  
  127  8:36  Adept  
  111  8:55  Adept x3  
  117  9:02  Fleet Beacon  
  115  9:04  Void Ray (Chrono Boost), Warp Prism (Chrono Boost)  
  115  9:07  Adept x2  
  125  9:11  Probe  
  125  9:13  Probe  
  127  9:18  Adept x4  
  127  9:20  Protoss Ground Armor Level 1 (Chrono Boost)  
  129  9:38  Oracle  
  129  9:41  Observer (Chrono Boost)  
  129  9:45  Adept x5  
  135  9:54  Adept  
  135  9:55  Adept x2  
  147  10:02  Observer (Chrono Boost)  
  147  10:03  Probe  
  147  10:05  Probe x2  
  151  10:07  Carrier (Chrono Boost)  
  151  10:11  Adept  
  151  10:12  Adept x3  
  159  10:24  Carrier (Chrono Boost)  
  160  10:40  Adept x4  
  165  10:54  Stargate  
  165  10:58  Pylon  
  165  11:06  Pylon  
  165  11:09  Nexus  
  165  11:11  Pylon  
  165  11:12  Pylon  
  165  11:14  Pylon  
  165  11:15  Warp Prism  
  167  11:32  Adept x7  
  124  11:46  Carrier (Chrono Boost)  
  110  11:55  Adept  
  110  11:57  Carrier (Chrono Boost)  
  104  12:10  Adept  
  104  12:11  Adept x6  
  122  12:35  Probe  
  122  12:36  Probe x2  
  125  12:38  Templar Archives  
  125  12:41  Carrier (Chrono Boost)  
  125  12:46  Assimilator  
  125  12:50  Warp Prism, Assimilator  
  127  12:54  Protoss Ground Weapons Level 2  
  133  13:06  Carrier (Chrono Boost)  
  133  13:23  Pylon  
  133  13:32  Adept x3  
  139  13:42  High Templar x4  
  139  13:43  High Templar  
  149  13:50  Archon x2  
  147  14:01  Adept x2  
  147  14:02  Adept  
  101  14:20  Adept  
  101  14:21  Adept x2  
  113  14:32  Carrier (Chrono Boost)  
  93  15:22  Nexus  
Show
View Real Time Build Order
Export as new Build Order

各种娱乐搞笑大招 Zerg - Winner!

Build Orders: Hatch First, Lurkers 

Get SALT Encoding   

  12  0:01  Drone  
  13  0:08  Drone  
  14  0:17  Overlord  
  14  0:35  Drone  
  14  0:36  Drone x2  
  17  0:46  Drone  
  18  0:59  Hatchery  
  18  1:00  Drone, Extractor  
  17  1:11  Drone  
  18  1:17  Spawning Pool  
  17  1:20  Drone  
  18  1:30  Drone  
  19  1:40  Overlord  
  19  1:56  Drone  
  20  2:05  Drone  
  21  2:11  Queen x2  
  21  2:12  Zergling x2  
  21  2:15  Metabolic Boost  
  26  2:17  Drone  
  27  2:23  Drone  
  27  2:24  Drone  
  29  2:34  Drone  
  29  2:36  Drone  
  31  2:44  Drone  
  32  2:45  Drone  
  32  2:47  Queen  
  35  2:58  Drone  
  36  3:02  Overlord  
  36  3:05  Hatchery  
  35  3:18  Spore Crawler  
  35  3:19  Spore Crawler  
  33  3:35  Drone, Zergling x6  
  33  3:36  Zergling x4  
  33  3:39  Lair  
  39  3:46  Extractor  
  39  3:47  Extractor  
  37  3:53  Drone  
  37  3:54  Drone x6  
  43  3:55  Overlord  
  43  3:59  Extractor  
  42  4:06  Drone, Overlord  
  42  4:31  Drone  
  42  4:32  Drone x7  
  42  4:33  Drone x3  
  53  4:56  Overlord x2  
  53  5:01  Drone x7  
  53  5:02  Drone x2  
  62  5:07  Hydralisk Den  
  62  5:13  Evolution Chamber, Drone  
  61  5:17  Evolution Chamber  
  60  5:23  Spine Crawler  
  60  5:27  Overlord x3  
  59  5:30  Drone x3  
  59  5:34  Overseer  
  62  5:37  Burrow  
  62  5:38  Pneumatized Carapace  
  62  5:43  Spore Crawler  
  62  5:44  Spine Crawler  
  60  5:57  Zerg Missile Weapons Level 1, Hydralisk, Zerg Ground Armor Level 1  
  60  5:58  Hydralisk  
  60  6:01  Muscular Augments  
  64  6:07  Hydralisk x2  
  68  6:15  Extractor  
  68  6:17  Extractor  
  66  6:19  Drone x5  
  66  6:20  Drone  
  66  6:23  Hydralisk  
  74  6:28  Overlord  
  74  6:29  Hydralisk  
  74  6:30  Infestation Pit  
  75  6:40  Hydralisk x4  
  75  6:46  Hydralisk x2  
  87  7:00  Hydralisk x5  
  96  7:15  Overlord  
  96  7:16  Overlord  
  96  7:17  Drone x7  
  103  7:23  Lurker Den  
  103  7:26  Hydralisk  
  103  7:28  Overlord  
  105  7:41  Hydralisk x5  
  115  7:47  Zergling x10  
  120  7:53  Zerg Ground Armor Level 2  
  120  7:57  Zerg Missile Weapons Level 2  
  120  8:04  Hydralisk x3  
  126  8:09  Overlord  
  126  8:16  Hydralisk  
  93  8:43  Hydralisk  
  93  8:44  Hydralisk x12  
  113  8:58  Lurker x2  
  113  8:59  Lurker x2  
  117  9:06  Hydralisk x3  
  123  9:19  Hive, Extractor  
  123  9:22  Hatchery  
  106  9:54  Hydralisk x5  
  106  9:55  Hydralisk x9  
  131  10:14  Infestor  
  131  10:15  Drone x4  
  131  10:17  Overlord x6  
  131  10:18  Overlord  
  135  10:34  Overlord x5  
  131  10:49  Drone x6  
  138  10:50  Drone x3  
  138  10:54  Hydralisk  
  142  10:59  Zerg Missile Weapons Level 3  
  142  11:00  Zerg Ground Armor Level 3  
  142  11:11  Hydralisk x5  
  142  11:32  Hydralisk  
  110  11:55  Hydralisk x12  
  110  11:56  Hydralisk x5  
  140  12:13  Lurker  
  140  12:15  Extractor  
  140  12:20  Hydralisk  
  140  12:22  Hydralisk x3  
  139  12:23  Hydralisk x5  
  139  12:29  Lurker x2  
  157  12:31  Lurker  
  157  12:32  Lurker  
  159  12:42  Hatchery  
  158  12:50  Lurker  
  157  13:06  Viper x2  
  157  13:07  Viper  
  166  13:15  Ultralisk Cavern  
  166  13:19  Overseer x2  
  165  13:35  Overlord x3  
  165  13:36  Drone x5  
  165  13:37  Drone x3  
  173  13:43  Hydralisk x4  
  159  14:14  Hydralisk  
  149  14:22  Lurker x2  
  149  14:23  Lurker  
  149  14:24  Lurker  
  153  14:29  Spire x2  
  127  14:41  Hydralisk x7  
  127  14:42  Hydralisk x6  
  127  14:43  Hydralisk x2  
  151  14:56  Drone x4, Extractor  
  151  14:58  Extractor  
  153  15:00  Overlord x3  
Tags
 
Add a new tag
Caveats
  • Supply blocks, unpowered buildings, or Contaminate may cause inaccurate times.
  • Supply counts are checked every 10 seconds.